 Dungeon Crawl Stone Soup version 0.17-a0-1133-gfb1399f (webtiles) character file.

51 onwiheg the Cudgeler (level 4, -1/35 HPs)
             Began as a Formicid Berserker on May 25, 2015.
             Was a Follower of Trog.
             Splashed by a jelly's acid (2 damage)
             ... on level 3 of the Dungeon.
             The game lasted 00:04:00 (1886 turns).

onwiheg the Cudgeler (Formicid Berserker)           Turns: 1886, Time: 00:04:00

Health: -1/35      AC: -6    Str: 22    XL:     4   Next: 5%
Magic:  4/4        EV: 12    Int:  2    God:    Trog [*.....]
Gold:   138        SH:  0    Dex: 10    Spells: 0 memorised, 3 levels left

rFire  . . .     SeeInvis +     a - +0 mace
rCold  . . .     Clarity  +     b - +0 animal skin
rNeg   . . .     SustAt   .     (no shield)
rPois  .         Gourm    .     (helmet unavailable)
rElec  .         Spirit   .     (no cloak)
rCorr  .         Warding  .     u - +0 pair of gloves
rMut   .         Stasis   +     (no boots)
MR     +....                    g - amulet of clarity
Stlth  +.........               f - ring of protection from magic
                                e - -5 ring of intelligence (curse)

@: corroded equipment, somewhat resistant to hostile enchantments, very
unstealthy
A: permanent stasis, dig shafts and tunnels, four strong arms, antennae 3
a: Dig, Shaft Self, Burn Spellbooks, Renounce Religion


You were on level 3 of the Dungeon.
You worshipped Trog.
Trog was aware of your devotion.
You were not hungry.

You visited 1 branch of the dungeon, and saw 3 of its levels.

You collected 138 gold pieces.

Inventory:

Hand weapons
 a - a +0 mace (weapon)
 t - a cursed -1 blowgun
Missiles
 v - 5 curare-tipped needles
Armour
 b - a +0 animal skin (worn)
 u - a +0 pair of gloves (worn)
Jewellery
 e - a cursed -5 ring of intelligence (left hand)
 f - a ring of protection from magic (right hand)
 g - an amulet of clarity (around neck)
Magical devices
 o - a wand of polymorph (17)
Scrolls
 h - 3 scrolls of magic mapping {unknown}
 i - a scroll of remove curse {unknown}
 j - a scroll of fear {unknown}
 k - a scroll of enchant weapon {unknown}
 l - a scroll of teleportation {unknown}
 m - a scroll of recharging {unknown}
 p - a scroll of noise {unknown}
 y - a scroll of identify {unknown}
Potions
 n - a potion of magic {unknown}
 r - a potion of invisibility {unknown}
 x - a potion of might {unknown}
Comestibles
 c - a bread ration
 d - 8 fruits
 q - 2 slices of pizza
 s - a meat ration
 w - 7 chunks of flesh


   Skills:
 - Level 3.2 Fighting
 + Level 4.6 Maces & Flails
 - Level 2.1 Armour
 - Level 1.7 Dodging


You had 3 spell levels left.
You didn't know any spells.

Dungeon Overview and Level Annotations

Branches:
Dungeon (3/15)

Altars:
The Shining One


Innate Abilities, Weirdness & Mutations

You are under a permanent stasis effect.
You can dig through walls and to a lower floor.
Your four strong arms can wield two-handed weapons with a shield.
You have a pair of large antennae on your head (SInv).


Message History

The jelly quivers.
You hit the rat.
You kill the rat!
Trog accepts your kill.
The giant newt bites you but does no damage.
You hit the giant newt.
You kill the giant newt!
Trog accepts your kill.
You hit the jelly. The acid corrodes your equipment!
Your hands burn!
The jelly is moderately wounded.
The jelly hits you.
You are splashed with acid!
The acid burns!
The jelly hits you.
You are splashed with acid!
The acid corrodes your equipment!
The acid burns!
* * * LOW HITPOINT WARNING * * *
You hit the jelly.
Your hands burn!
* * * LOW HITPOINT WARNING * * *
The jelly is moderately wounded.
The jelly closely misses you.
You hit the jelly.
Your hands burn!
You die...

##### .... # ##.... .....
. . ..# ....# #. #.#.#
...######.
#####.#.##########........
........J@..)........# #.#
.###.#.#######..#.#.###.#
{#†# #..........# ..#
##.#.#.###.. .#.# #.....#
#.> ....# ###.### #.. .#
#.# # #.# #.# .. #.# ...##
#.#####.# ## #.#
......#........


You could see a jelly.

Vanquished Creatures
  2 adders (D:2)
  A worm (D:2)
  A giant gecko (D:2)
  An orc (D:3)
  2 bats (D:1)
  5 hobgoblins
  2 jackals (D:3)
  4 kobolds
  A quokka (D:3)
  3 giant newts
  3 goblins
  2 rats
27 creatures vanquished.

Notes
Turn   | Place    | Note
--------------------------------------------------------------
     0 | D:1      | onwiheg the Formicid Berserker began the quest for the Orb.
     0 | D:1      | Reached XP level 1. HP: 18/18 MP: 1/1
   217 | D:1      | Reached XP level 2. HP: 22/24 MP: 2/2
   817 | D:2      | Reached skill level 4 in Maces & Flails
   817 | D:2      | Reached XP level 3. HP: 8/29 MP: 3/3
  1543 | D:2      | Found a glowing golden altar of the Shining One.
  1745 | D:3      | Reached XP level 4. HP: 21/35 MP: 4/4
  1885 | D:3      | HP: 1/35 [acid (4)]
  1886 | D:3      | Splashed by a jelly's acid

Vault maps used:
D:1:      dpeg_arrival_rooms_c, roderic_st_hans_cross
D:2:      tso_altar
D:3:      minmay_rats_cheesy_pizza, uniq_sigmund

Action                   |  1- 3 |  4- 6 || total
-------------------------+-------+-------++-------
Melee: Mace              |    69 |     7 ||    76
 Abil: Dig               |     1 |       ||     1
 Stab: Sleeping          |     1 |       ||     1
  Eat: Chunk             |     3 |       ||     3
